 Dungeon Crawl Stone Soup version 0.25-a0-521-gb5d5f98535 (webtiles) character file.

Game seed: 16624370903854697850, levelgen mode: deterministic

220 Forecaster the Magician (level 5, -1/44 HPs)
             Began as a Naga Wizard on Feb 18, 2020.
             Slain by an orc
             ... wielding a +0 dagger
              (5 damage)
             ... on level 4 of the Dungeon.
             The game lasted 00:34:19 (3548 turns).

Forecaster the Magician (Naga Wizard)               Turns: 3548, Time: 00:34:20

Health: -1/44      AC:  7    Str:  9    XL:     5   Next: 97%
Magic:  0/11       EV:  9    Int: 19    God:
Gold:   139        SH:  3    Dex: 10    Spells: 5/12 levels left

rFire    . . .     SeeInvis +   y - +0 dagger (speed)
rCold    . . .     Gourm    .   j - +0 buckler {AC+3}
rNeg     . . .     Faith    .   s - +0 leather armour
rPois    +         Spirit   .   b - +0 hat
rElec    .         Reflect  .   (no cloak)
rCorr    .         Harm     .   z - +0 pair of gloves
MR       .....                  (no barding)
Stlth    ++........             (no amulet)
HPRegen  0.14/turn              (no ring)
MPRegen  0.12/turn              (no ring)

@: very slightly contaminated, slowed, very slow
A: large, see invisible, deformed body, poison resistance, slowness 2, slow
metabolism 1, spit poison 1, AC +1
a: Spit Poison


You were on level 4 of the Dungeon.
You were near starving.

You visited 1 branch of the dungeon, and saw 5 of its levels.

You collected 139 gold pieces.

Inventory:

Hand Weapons
 g - a +2 dagger
 i - a +0 dagger
 l - a +0 short sword
 m - a +0 short sword
 o - a +0 hunting sling
 y - a +0 dagger of speed (weapon)
 C - a +0 dagger
 E - a +0 hand axe
Missiles
 c - 20 sling bullets
 e - 229 stones (quivered)
 q - 61 bolts
 r - 45 arrows
Armour
 a - a +0 robe
 b - a +0 hat (worn)
 j - a +0 buckler of protection (worn)
 k - a +0 scale mail
 s - a +0 leather armour (worn)
 w - a +0 robe
 z - a +0 pair of gloves (worn)
 B - the +0 chain mail "Danaafen" {+Inv MP-9 Int+7 Dex-4}
   (You found it on level 4 of the Dungeon)

   It affects your intelligence (+7).
   It affects your dexterity (-4).
   It affects your magic capacity (-9).
   It lets you turn invisible.
   If you switch to wearing this armour, your AC will increase by 3 (7 -> 10).
Jewellery
 D - a -2 ring of evasion
Wands
 t - a wand of iceblast (3)
Scrolls
 f - 4 scrolls of fog
 p - 3 scrolls of teleportation
 u - 2 scrolls of remove curse
 F - a scroll of identify
Potions
 h - a potion of cancellation
 n - a potion of degeneration {unknown}
 v - a potion of lignification {unknown}
 A - a potion of haste {unknown}
Comestibles
 d - 8 rations


   Skills:
 + Level 1.0 Fighting
 + Level 1.1 Short Blades
 + Level 1.0 Armour
 + Level 1.9 Dodging
 + Level 3.4 Stealth
 * Level 1.5 Shields
 + Level 4.2 Spellcasting
 + Level 1.5 Conjurations
 + Level 0.9 Hexes
 + Level 1.7 Summonings
 + Level 1.1 Translocations


You had 5 spell levels left.
You knew the following spells:

 Your Spells              Type           Power        Failure   Level  Hunger
a - Magic Dart            Conj           #...         12%         1    None
b - Call Imp              Summ           ##......     17%         2    #......
c - Blink                 Tloc           N/A          22%         2    #......
d - Slow                  Hex            #.......     24%         2    #......

Your spell library contained the following spells:

 Spells                   Type           Power        Failure   Level  Hunger
 Conjure Flame            Conj/Fire      #.......     45%         3    ###....
 Mephitic Cloud           Conj/Pois/Air  #.......     50%         3    ###....


Dungeon Overview and Level Annotations

Branches:
Dungeon (5/15)
 Temple: D:4-7

Altars:
Hepliaklqana
Kikubaaqudgha
Ru
Yredelemnul


Innate Abilities, Weirdness & Mutations

You cannot wear boots.
Your serpentine skin is tough. (AC +1)
You have supernaturally acute eyesight. (SInv)
Armour fits poorly on your strangely shaped body.
Your system is resistant to poisons. (rPois)
You cover ground very slowly.
You have a slow metabolism.
You can spit poison.


Message History

The magic dart hits the orc but does no damage.
The orc priest barely misses you. The orc hits you but does no damage.
You block the orc priest's attack. The orc barely misses you.
You hit the orc but do no damage.
The orc priest mumbles some strange prayers to Beogh against you.
Pain shoots through your body!
* * * LOW HITPOINT WARNING * * *
The orc hits you but does no damage.
You closely miss the orc. The orc priest closely misses you.
You hit the orc but do no damage. The orc hits you but does no damage.
Casting: Magic Dart (safe; 12% risk of failure)
Confirm with . or Enter, or press ? or * to list all spells.
Aiming: Magic Dart (safe; 12% risk of failure)
Press: ? - help, Shift-Dir - straight line, f/p - orc
Aim: an orc, wielding a +0 dagger, wearing a +0 ring mail and quivering 10 stones The magic dart hits the orc but does no damage.
The orc priest hits you with a +0 hand axe.
* * * LOW HITPOINT WARNING * * *
The orc hits you but does no damage. The orc hits you with a +0 dagger.
You die...

#######.........# #.# ##.#
##.######## #.# #... #.# #.# #...
#.# #.# #... ##'## #.# ##.#
##...## #####.# #.# ##.....##
#....)# #.# # ##.......## #(#.###
#..
####.........###@)..###########..
...'.........'..oo.)......o......
####.........###.............##..
# ##.......## #...####.####.....
##.....## #.#.#.......#..#.#
##...## #...#.......#..#.# ##'##
###.#.......#.##.# #.#
#.#..._...#...[# #.#
#.#.......#..###


You could see an orc priest and an orc.

Vanquished Creatures
  2 orc wizards
  2 adders
  2 dart slugs (D:1)
  A leopard gecko (D:1)
  5 orcs
  9 bats
  A giant cockroach (D:3)
  9 goblins
  2 hobgoblins
  A quokka (D:2)
  2 ball pythons
  3 frilled lizards
  6 kobolds
  9 rats
54 creatures vanquished.

Vanquished Creatures (collateral kills)
  A hound (D:4)
  2 orc wizards (D:4)
  An orc priest (D:4)
  Ijyb (D:3)
  A hound skeleton (D:4)
  A worm (D:2)
  2 orcs
  A ball python (D:1)
  A giant cockroach (D:2)
  A goblin (D:2)
  2 hobgoblins (D:2)
  A rat (D:3)
15 creatures vanquished.

Grand Total: 69 creatures vanquished

Notes
Turn   | Place    | Note
-------+----------+-------------------------------------------
     0 | D:1      | Forecaster the Naga Wizard began the quest for the Orb.
     0 | D:1      | Reached XP level 1. HP: 15/15 MP: 4/4
   202 | D:1      | Reached XP level 2. HP: 22/22 MP: 0/6
   206 | D:1      | Learned a level 2 spell: Call Imp
   209 | D:1      | Learned a level 2 spell: Blink
   643 | D:1      | Reached XP level 3. HP: 4/28 MP: 1/8
  1597 | D:3      | Noticed Ijyb
  1613 | D:3      | Killed Ijyb
  1613 | D:3      | Reached XP level 4. HP: 36/36 MP: 1/9
  1843 | D:3      | Reached skill level 1 in Shields
  1935 | D:3      | Reached skill level 4 in Spellcasting
  2279 | D:3      | Learned a level 2 spell: Slow
  2311 | D:4      | Reached XP level 5. HP: 42/42 MP: 11/11
  2352 | D:4      | Reached skill level 1 in Short Blades
  2369 | D:4      | Found a hazy altar of Hepliaklqana.
  2414 | D:4      | Got a distressingly furry chain mail
  2425 | D:4      | Identified the +0 chain mail "Danaafen" {+Inv MP-9 Int+7
                  | Dex-4} (You found it on level 4 of the Dungeon)
  2730 | D:4      | Found an ancient bone altar of Kikubaaqudgha.
  2859 | D:4      | Reached skill level 1 in Fighting
  3393 | D:5      | Entered Level 5 of the Dungeon
  3432 | D:5      | Found a sacrificial altar of Ru.
  3432 | D:5      | Found a basalt altar of Yredelemnul.
  3533 | D:4      | Reached skill level 1 in Armour
  3548 | D:4      | Slain by an orc

Levels and vault maps discovered:
D:1:      dpeg_arrival_central, layout_basic
D:2:      layout_rooms
D:3:      layout_rooms, first_ration, uniq_ijyb
D:4:      layout_loops_corners, marbit_many_paths, lemuel_tele_altar
D:5:      layout_basic, amethyst_overflow_temple_binary, minmay_misc_feat_rugged

Skill      XL: |  1  2  3  4  5 |
---------------+----------------+-----
Shields        | 1 |  1.5
Spellcasting   | 4 |  4.2
Short Blades   | 1 |  1.1
Fighting       | 1 |  1.0
Armour         | 1 |  1.0
Dodging        | |  1.9
Stealth        | |  3.4
Conjurations   | |  1.5
Hexes          | |  0.9
Summonings     | |  1.7
Translocations | |  1.1

Action                   |  1- 3 |  4- 6 || total
-------------------------+-------+-------++-------
Melee: Dagger            |    68 |    94 ||   162
 Cast: Magic Dart        |    58 |    34 ||    92
       Call Imp          |    10 |    14 ||    24
       Blink             |       |     7 ||     7
       Slow              |       |     2 ||     2
  Use: Scroll            |     7 |     4 ||    11
       Potion            |       |     3 ||     3
 Stab: Sleeping          |     1 |     4 ||     5
  Eat: Chunk             |     1 |     5 ||     6
Armor: Scale mail        |    20 |       ||    20
       Robe              |    14 |       ||    14
       Leather armour    |     1 |    53 ||    54
Dodge: Dodged            |    34 |    60 ||    94
Block: Buckler           |     7 |    13 ||    20

Table legend:
 A = Non-vault XP
 B = Vault XP
 C = Vault XP percentage of total XP
 D = Non-vault monster count
 E = Vault monster count
 F = Vault count percentage of total count
                 A         B        C        D         E       F
            +---------+---------+-------+---------+---------+-------
      Total |     297 |      18 |   5.7 |      68 |       1 |   1.4
            +---------+---------+-------+---------+---------+-------
        D:1 |      50 |       0 |   0.0 |      30 |       0 |   0.0
        D:2 |      18 |       0 |   0.0 |      12 |       0 |   0.0
        D:3 |      62 |      18 |  22.5 |      14 |       1 |   6.7
        D:4 |     167 |       0 |   0.0 |      12 |       0 |   0.0
            +---------+---------+-------+---------+---------+-------
